 Dungeon Crawl Stone Soup version 0.27-a0-1219-g958d993ae5 (webtiles) character file.

Game seed: 11461901505869229068

386 bande the Shield-Bearer (level 6, -2/38 HPs)
             Began as a Gargoyle Fighter on June 7, 2021.
             Was an Initiate of Okawaru.
             Slain by Dowan
             ... wielding a +0 dagger
              (4 damage)
             ... on level 4 of the Dungeon.
             The game lasted 00:05:06 (2906 turns).

bande the Shield-Bearer (Gargoyle Fighter)          Turns: 2906, Time: 00:05:07

Health: -2/38      AC: 14    Str: 20    XL:     6   Next: 78%
Magic:  6/6        EV:  7    Int:  9    God:    Okawaru [......]
Gold:   233        SH:  9    Dex: 10    Spells: 5/5 levels left

rFire    . . .     SeeInvis .   a - +0 war axe
rCold    . . .     Faith    .   c - +0 kite shield
rNeg     + . .     Spirit   .   b - +0 scale mail
rPois    ∞         Reflect  .   e - +0 helmet
rElec    +         Harm     .   (no cloak)
rCorr    .         Rampage  .   (no gloves)
Will     .....                  k - +0 pair of boots
Stlth    ..........             (no amulet)
HPRegen  0.12/turn              (no ring)
MPRegen  0.10/turn              (no ring)

@: no status effects
A: sickness immunity, AC +4, negative energy resistance 1, electricity
resistance, torment resistance 1, petrification resistance
a: Renounce Religion


You were on level 4 of the Dungeon.
You worshipped Okawaru.
Okawaru was noncommittal.
You visited 2 branches of the dungeon, and saw 5 of its levels.

You collected 233 gold pieces.

Inventory:

Hand Weapons
 a - a +0 war axe (weapon)
Armour
 b - a +0 scale mail (worn)
 c - a +0 kite shield (worn)
 e - a +0 helmet (worn)
 k - a +0 pair of boots (worn)
Jewellery
 i - a ring of fire
Scrolls
 h - a scroll of teleportation
 j - 2 scrolls of identify
Potions
 f - a potion of degeneration {unknown}
 g - a potion of curing


   Skills:
 + Level 4.3 Fighting
 + Level 4.4 Axes
 + Level 4.4 Armour
 + Level 0.8 Dodging
 + Level 4.5 Shields


You had 5 spell levels left.
You didn't know any spells.
Your spell library contained the following spells:

 Spells                   Type           Power      Damage    Failure   Level
 Sting                    Tmut/Pois      0%         1d3       99%         1
 Poisonous Vapours        Pois/Air       0%         N/A       100%        2
 Ignite Poison            Fire/Tmut/Pois 0%         N/A       100%        3
 Mephitic Cloud           Conj/Pois/Air  0%         N/A       100%        3
 Olgreb's Toxic Radiance  Pois           0%         N/A       100%        4


Dungeon Overview and Level Annotations

Branches:
Dungeon (4/15)             Temple (1/1) D:4

Altars:
Ashenzari
Cheibriados
Fedhas
Gozag
Hepliaklqana
Kikubaaqudgha
Makhleb
Nemelex Xobeh
Okawaru
Qazlal
Ru
Sif Muna
Trog
Wu Jian
Xom
Yredelemnul
Zin
The Shining One

Annotations:
D:4 Dowan


Innate Abilities, Weirdness & Mutations

You are immune to sickness and miasma.
Your stone body is resilient. (AC +4)
You are immune to poison.
You resist negative energy. (rN+)
You are resistant to electric shocks. (rElec)
You are resistant to unholy torment.
You are immune to petrification.


Message History

You hit Duvessa. Duvessa hits you with a +0 short sword!
Dowan hits you with a +0 dagger.
* * * LOW HITPOINT WARNING * * *
Duvessa hits you but does no damage. Dowan hits you but does no damage.
Duvessa hits you with a +0 short sword.
* * * LOW HITPOINT WARNING * * *
You feel much better. Duvessa hits you but does no damage.
Dowan hits you but does no damage.
You barely miss Dowan.
Dowan is lightly wounded.
Your scale mail prevents you from hitting Duvessa.
Duvessa hits you with a +0 short sword. x2; You block Dowan's attack.
You slash Dowan!
Dowan is severely wounded.
You closely miss Duvessa. Duvessa hits you with a +0 short sword!
You block Dowan's attack. Duvessa hits you but does no damage.
Dowan completely misses you. Duvessa completely misses you.
Unknown command.
You slash Duvessa!
Duvessa is almost dead.
You hit Dowan. Duvessa hits you but does no damage.
Dowan mumbles some strange words.
Dowan blinks!
Duvessa hits you with a +0 short sword.
* * * LOW HITPOINT WARNING * * *
Unknown command.
You slash Duvessa!
You kill Duvessa!
Okawaru is honoured by your kill.
Dowan seems overcome with grief, but rights himself reflexively soon after.
Dowan seems to find hidden reserves of power!
You see here a fuming sapphire potion.
Dowan shakes with grief.
You block Dowan's attack.
You hit Dowan.
Dowan is almost dead.
Dowan casts a spell at you. The stone arrow hits you!
* * * LOW HITPOINT WARNING * * *
Dowan hits you with a +0 dagger.
You die...

#.#....# #..#.#
#.#....# #..#.#
#####.#....# ##.#.#
......#.=[. #.#.# #
.$...... #.#.#.#
####..... #.#.#.#
......$.# ###...#.###
#...e######.........#
#..)@........#.......
#...!.#####..#..#.#.#
#.....# #(.##.#.# #
#[....# #..#....#.#
#.....# #.......#..
#.....# #...>...#..
#.....#####..).......
#....................
##....##########..#..


You could see Dowan (fast).

Vanquished Creatures
  Sigmund (D:4)
  Duvessa (D:4)
  A hound skeleton (D:4)
  Robin (D:2)
  2 adders (D:3)
  2 worms (D:3)
  7 dart slugs
  An orc (D:3)
  2 ball pythons
  3 bats
  4 endoplasms
  14 goblins
  10 hobgoblins
  2 jackals (D:3)
  A quokka (D:1)
  8 frilled lizards
  5 kobolds
  A rat (D:2)
66 creatures vanquished.

Notes
Turn   | Place    | Note
-------+----------+-------------------------------------------
     0 | D:1      | bande the Gargoyle Fighter began the quest for the Orb.
     0 | D:1      | Reached XP level 1. HP: 14/14 MP: 1/1
   145 | D:1      | Reached XP level 2. HP: 13/19 MP: 2/2
   598 | D:1      | Found a faded altar of an unknown god.
   690 | D:1      | Reached XP level 3. HP: 23/23 MP: 3/3
   902 | D:2      | Found an ancient bone altar of Kikubaaqudgha.
  1018 | D:2      | Noticed Robin
  1039 | D:2      | Killed Robin
  1057 | D:2      | Reached XP level 4. HP: 10/29 MP: 4/4
  2007 | D:3      | Found a broken altar of Ashenzari.
  2036 | D:3      | Found an ancient bone altar of Kikubaaqudgha.
  2036 | D:3      | Found a hazy altar of Hepliaklqana.
  2037 | D:3      | Found a bloodstained altar of Trog.
  2037 | D:3      | Found a sacrificial altar of Ru.
  2558 | D:4      | Reached XP level 5. HP: 33/33 MP: 5/5
  2560 | D:4      | Noticed Sigmund
  2579 | D:4      | Killed Sigmund
  2580 | D:4      | Reached XP level 6. HP: 15/38 MP: 6/6
  2789 | D:4      | Found a staircase to the Ecumenical Temple.
  2805 | Temple   | Entered the Ecumenical Temple
  2809 | Temple   | Became a worshipper of Warmaster Okawaru
  2885 | D:4      | Noticed Duvessa
  2885 | D:4      | Noticed Dowan
  2902 | D:4      | Killed Duvessa
  2906 | D:4      | Slain by Dowan

Illustrated notes

Levels and vault maps discovered:
D:1:      amcnicky_arrival_abandoned_market, layout_loops_ring,
          ebering_ecumenical_altar_rust, minmay_door_square,
          chequers_serial_rivers_room_a
D:2:      layout_basic, basic_altar, serial_park_tiny_pond, kennysheep_path_1,
          minmay_domino_2, uniq_robin
D:3:      layout_rooms, grunt_temple_overflow_open
D:4:      layout_basic, minmay_temple_entry_offerings, uniq_sigmund,
          uniq_duvessa, uniq_natasha
Temple:   nicolae_temple_x_marks_the_god

Skill      XL: |  1  2  3  4  5 |
---------------+----------------+-----
Axes           | 2 3 4 |  4.4
Armour         | 4 |  4.4
Shields        | 4 |  4.5
Fighting       | 4 |  4.3
Dodging        | |  0.8

Action                   |  1- 3 |  4- 6 || total
-------------------------+-------+-------++-------
Melee: War axe           |    82 |   116 ||   198
  Use: Scroll            |     4 |       ||     4
       Potion            |       |     2 ||     2
Armor: Scale mail        |    53 |    74 ||   127
Dodge: Dodged            |    23 |    46 ||    69
Block: Kite shield       |    32 |    64 ||    96

Table legend: (Time is in decaauts)
 A = Elapsed time spent in this place.
 B = Non-inter-level travel time spent in this place.
 C = Inter-level travel time spent in this place.
 D = Time resting spent in this place.
 E = Time spent auto-exploring this place.
 F = Levels seen in this place.
 G = Mean time per level.
                   A        B        C        D        E       F      G
               +--------+--------+--------+--------+--------+-----+--------+
         Total |   3022 |   2979 |     43 |    393 |   1932 |   5 |  604.4 |
       Dungeon |   3008 |   2965 |     43 |    393 |   1932 |   4 |  752.0 |
        Temple |     14 |     14 |      0 |      0 |      0 |   1 |   14.0 |
               +--------+--------+--------+--------+--------+-----+--------+

Top non-repeatable levels by time:
     D:2: 952 daAuts
     D:1: 915 daAuts
     D:3: 764 daAuts
     D:4: 376 daAuts
  Temple: 14 daAuts
